TOP OF THE 1ST |
University of Minnesota Golden Gophers batting - Pitching for University of Southern California Trojans : LHP Cole Corkum
|
Pitching: LHP Cole Corkum
|
|
Batting: LHB Alex Villa
|
0-0: Called Strike 0-1: Foul Ball, location: 2F 0-2: Ball 1-2: Fly out, F8 (Flyball, 8RD, EV 96.9 MPH)
|
Batting: RHB Jarrod Strickhouser
|
0-0: Ball 1-0: Ball 2-0: Ball 3-0: Base on Balls
|
Batting: RHB Ned Scovell
|
0-0: Ball 1-0: Foul Ball, location: 2F 1-1: Reached on error, E6 (Groundball, 6, EV 79.4 MPH) Jarrod Strickhouser to second
|
Batting: RHB Ozzie Buendia
|
0-0: Ball 1-0: Called Strike 1-1: Ball 2-1: Called Strike 2-2: Ball 3-2: Fly out, F9 (Flyball, 89XD, EV 86.2 MPH) Runner from 2nd tags up, SAFE at 3rd, no throw by RF
|
Batting: LHB Dick Shafer
|
0-0: Ball 1-0: Ground out 6-3 (Groundball, 6MS, EV 82.5 MPH)
|
Top of the 1st over - 0 runs, 0 hits, 1 error, 2 left on base; University of Minnesota 0 - University of Southern California 0 |
BOTTOM OF THE 1ST |
University of Southern California Trojans batting - Pitching for University of Minnesota Golden Gophers : RHP John Roebuck
|
Pitching: RHP John Roebuck
|
|
Batting: RHB Liangde Zhou
|
0-0: Ball 1-0: Bunt missed! 1-1: Fly out, F8 (Line Drive, 89M, EV 95.6 MPH)
|
Batting: RHB Mike Woodard
|
0-0: Called Strike 0-1: Ball 1-1: Ball 2-1: Foul Ball, location: 2F 2-2: Strikes out swinging
|
Batting: RHB Omar Garce
|
0-0: Called Strike 0-1: Ball 1-1: Foul Ball, location: 2F 1-2: Ground out 5-3 (Groundball, 25, EV 90.0 MPH)
|
Bottom of the 1st over - 0 runs, 0 hits, 0 errors, 0 left on base; University of Minnesota 0 - University of Southern California 0 |
TOP OF THE 2ND |
University of Minnesota Golden Gophers batting - Pitching for University of Southern California Trojans : LHP Cole Corkum
|
Batting: RHB Kevin Harris
|
0-0: Foul Ball, location: 2F 0-1: Foul Ball, location: 2F 0-2: Foul Ball, location: 2F 0-2: Ball 1-2: SINGLE (Line Drive, 9S, EV 111.2 MPH)
|
Batting: RHB Rúbem Trancoso
|
0-0: Ball 1-0: SINGLE (Line Drive, 5D, EV 98.1 MPH) Kevin Harris to second
|
Batting: RHB Devon Healy
|
0-0: Ball 1-0: Fly out, F4 (Popup, 4M, EV 68.1 MPH)
|
Batting: RHB Jose Garrido
|
0-0: Fielders Choice at 2nd, 1-6 (Groundball, 34S, EV 70.6 MPH) Kevin Harris to third
|
Batting: LHB Alex Villa
|
0-0: Swinging Strike 0-1: Ball 1-1: Swinging Strike 1-2: Strikes out swinging
|
Top of the 2nd over - 0 runs, 2 hits, 0 errors, 2 left on base; University of Minnesota 0 - University of Southern California 0 |
BOTTOM OF THE 2ND |
University of Southern California Trojans batting - Pitching for University of Minnesota Golden Gophers : RHP John Roebuck
|
Batting: RHB Eric Baker
|
0-0: Ball 1-0: Fly out, F9 (Flyball, 9LM, EV 93.8 MPH)
|
Batting: SHB Jose Santiago
|
0-0: Fly out, F7 (Flyball, 7, EV 81.9 MPH)
|
Batting: RHB Juan Barela
|
0-0: Ball 1-0: Foul Ball, location: 2F 1-1: Ball 2-1: Swinging Strike 2-2: Foul Ball, location: 2F 2-2: Hit by Pitch
|
Batting: LHB John Rumbolt
|
0-0: Called Strike 0-1: Ball 1-1: Fly out, F8 (Flyball, 8RM, EV 80.0 MPH)
|
Bottom of the 2nd over - 0 runs, 0 hits, 0 errors, 1 left on base; University of Minnesota 0 - University of Southern California 0 |
TOP OF THE 3RD |
University of Minnesota Golden Gophers batting - Pitching for University of Southern California Trojans : LHP Cole Corkum
|
Batting: RHB Jarrod Strickhouser
|
0-0: DOUBLE (Groundball, 5L, EV 101.2 MPH)
|
Batting: RHB Ned Scovell
|
0-0: Ball 1-0: Ball 2-0: Called Strike 2-1: Ground out 5-3 (Groundball, 56, EV 83.8 MPH)
|
Batting: RHB Ozzie Buendia
|
0-0: Fly out, F8 (Line Drive, 8RD, EV 84.4 MPH)
|
Batting: LHB Dick Shafer
|
0-0: Foul Ball, location: 2F 0-1: Ball 1-1: Foul Ball, location: 2F 1-2: Fly out, F7 (Flyball, 78M, EV 85.6 MPH)
|
Top of the 3rd over - 0 runs, 1 hit, 0 errors, 1 left on base; University of Minnesota 0 - University of Southern California 0 |
BOTTOM OF THE 3RD |
University of Southern California Trojans batting - Pitching for University of Minnesota Golden Gophers : RHP John Roebuck
|
Batting: LHB Victor Reyna
|
0-0: Ball 1-0: Called Strike 1-1: Swinging Strike 1-2: Strikes out looking
|
Batting: LHB Eli Evenson
|
0-0: Ball 1-0: Swinging Strike 1-1: Swinging Strike 1-2: Strikes out swinging
|
Batting: RHB Liangde Zhou
|
0-0: Fly out, F7 (Flyball, 7, EV 81.2 MPH)
|
Bottom of the 3rd over - 0 runs, 0 hits, 0 errors, 0 left on base; University of Minnesota 0 - University of Southern California 0 |
TOP OF THE 4TH |
University of Minnesota Golden Gophers batting - Pitching for University of Southern California Trojans : LHP Cole Corkum
|
Batting: RHB Kevin Harris
|
0-0: Called Strike 0-1: Swinging Strike 0-2: Foul Ball, location: 2F 0-2: Strikes out looking
|
Batting: RHB Rúbem Trancoso
|
0-0: Ball 1-0: Foul Ball, location: 2F 1-1: Called Strike 1-2: Ball 2-2: Ball 3-2: Foul Ball, location: 2F 3-2: Fly out, F8 (Line Drive, 8LD, EV 103.1 MPH)
|
Batting: RHB Devon Healy
|
0-0: Foul Ball, location: 2F 0-1: Ball 1-1: Ball 2-1: Foul Ball, location: 2F 2-2: Ball 3-2: Ground out 4-3 (Groundball, 4, EV 103.1 MPH)
|
Top of the 4th over - 0 runs, 0 hits, 0 errors, 0 left on base; University of Minnesota 0 - University of Southern California 0 |
BOTTOM OF THE 4TH |
University of Southern California Trojans batting - Pitching for University of Minnesota Golden Gophers : RHP John Roebuck
|
Batting: RHB Mike Woodard
|
0-0: Reached on error, E5 (Groundball, 56, EV 77.5 MPH)
|
Batting: RHB Omar Garce
|
0-0: Ball 1-0: Fly out, F8 (Flyball, 8LM, EV 93.1 MPH)
|
Batting: RHB Eric Baker
|
Balk! Mike Woodard to third 0-0: Called Strike 0-1: Ball 1-1: Ball Wild Pitch! Mike Woodard scores 2-1: Swinging Strike 2-2: Foul Ball, location: 2F 2-2: Reached on error, E5 (Groundball, 5, EV 86.2 MPH)
|
Batting: SHB Jose Santiago
|
0-0: Ball 1-0: Swinging Strike 1-1: Fly out, F7 (Flyball, 7D, EV 100.6 MPH)
|
Batting: RHB Juan Barela
|
0-0: Ball 1-0: Ball 2-0: Ground out 6-3 (Groundball, 6S, EV 85.6 MPH)
|
Bottom of the 4th over - 1 run, 0 hits, 2 errors, 1 left on base; University of Minnesota 0 - University of Southern California 1 |
TOP OF THE 5TH |
University of Minnesota Golden Gophers batting - Pitching for University of Southern California Trojans : LHP Cole Corkum
|
Batting: RHB Jose Garrido
|
0-0: Called Strike 0-1: Ball 1-1: Fly out, F8 (Flyball, 8RD, EV 105.0 MPH)
|
Batting: LHB Alex Villa
|
0-0: Foul Ball, location: 2F 0-1: Ball 1-1: Foul Ball, location: 2F 1-2: Foul Ball, location: 2F 1-2: SINGLE (Line Drive, 6M, EV 95.6 MPH)
|
Batting: RHB Jarrod Strickhouser
|
0-0: Ball 1-0: Foul Ball, location: 2F 1-1: Ball 2-1: Called Strike 2-2: Foul Ball, location: 2F 2-2: Ball 3-2: DOUBLE (Line Drive, 78D, EV 100.6 MPH) Alex Villa to third
|
Pitching: RHP Alex Garza
|
|
Pinch Hitting: LHB Ivan Villegas
|
0-0: SINGLE (Groundball, 4D, EV 106.9 MPH) Alex Villa scores Jarrod Strickhouser to third
|
Pinch Hitting: LHB Josh Rini
|
0-0: Foul Ball, location: 2F 0-1: Foul Ball, location: 2F 0-2: Ball 1-2: Fielders Choice at 2nd, 4-6 (Groundball, 34, EV 82.5 MPH) Jarrod Strickhouser scores
|
Batting: LHB Dick Shafer
|
0-0: Called Strike 0-1: Fly out, F4 (Popup, 4D, EV 71.2 MPH)
|
Top of the 5th over - 2 runs, 3 hits, 0 errors, 1 left on base; University of Minnesota 2 - University of Southern California 1 |
BOTTOM OF THE 5TH |
University of Southern California Trojans batting - Pitching for University of Minnesota Golden Gophers : RHP John Roebuck
|
Now at 2B: Farakiko Haunani
|
|
Now at 3B: Phil Bonner
|
|
Batting: LHB John Rumbolt
|
0-0: TRIPLE (Flyball, 78XD, EV 90.0 MPH)
|
Batting: LHB Victor Reyna
|
0-0: Ball 1-0: Called Strike 1-1: Ball 2-1: Swinging Strike 2-2: Foul Ball, location: 2F 2-2: Ball 3-2: Foul Ball, location: 2F 3-2: Strikes out swinging
|
Batting: LHB Eli Evenson
|
0-0: Swinging Strike 0-1: Ball 1-1: Called Strike 1-2: Fly out, F8 (Flyball, 8RM, EV 85.6 MPH)
|
Batting: RHB Liangde Zhou
|
0-0: Ball 1-0: Swinging Strike 1-1: Called Strike 1-2: Ball 2-2: Ball 3-2: Foul Ball, location: 2F 3-2: Ground out 6-3 (Groundball, 6, EV 86.9 MPH)
|
Bottom of the 5th over - 0 runs, 1 hit, 0 errors, 1 left on base; University of Minnesota 2 - University of Southern California 1 |
TOP OF THE 6TH |
University of Minnesota Golden Gophers batting - Pitching for University of Southern California Trojans : RHP Alex Garza
|
Batting: RHB Kevin Harris
|
0-0: Ball 1-0: Called Strike 1-1: Called Strike 1-2: Foul Ball, location: 2F 1-2: Ball 2-2: Ball 3-2: Ground out 5-3 (Groundball, 5S, EV 71.9 MPH)
|
Batting: RHB Rúbem Trancoso
|
0-0: Ball 1-0: Fly out, F8 (Flyball, 8LM, EV 80.0 MPH)
|
Batting: RHB Devon Healy
|
0-0: Swinging Strike 0-1: Ball 1-1: Foul Ball, location: 2F 1-2: Ground out 4-3 (Groundball, 4, EV 86.9 MPH)
|
Top of the 6th over - 0 runs, 0 hits, 0 errors, 0 left on base; University of Minnesota 2 - University of Southern California 1 |
BOTTOM OF THE 6TH |
University of Southern California Trojans batting - Pitching for University of Minnesota Golden Gophers : RHP John Roebuck
|
Batting: RHB Mike Woodard
|
0-0: Ball 1-0: Ball 2-0: Called Strike 2-1: Hit by Pitch
|
Batting: RHB Omar Garce
|
0-0: Ball 1-0: Grounds out, U3 (Groundball, 3L, EV 100.0 MPH)
|
Batting: RHB Eric Baker
|
0-0: Called Strike 0-1: Ball 1-1: Swinging Strike 1-2: Foul Ball, location: 2F 1-2: Foul Ball, location: 2F 1-2: Strikes out swinging
|
Pitching: RHP Eppe de Jong
|
|
Pinch Hitting: RHB Jim Baltazar
|
0-0: Ground out 1-3 (Groundball, 15S, EV 62.5 MPH)
|
Bottom of the 6th over - 0 runs, 0 hits, 0 errors, 1 left on base; University of Minnesota 2 - University of Southern California 1 |
TOP OF THE 7TH |
University of Minnesota Golden Gophers batting - Pitching for University of Southern California Trojans : RHP Alex Garza
|
Now at 3B: Edwin Figueroa
|
|
Batting: RHB Jose Garrido
|
0-0: Ball 1-0: Ball 2-0: Ground out U3 (Groundball, 3, EV 86.2 MPH)
|
Batting: LHB Alex Villa
|
0-0: Called Strike 0-1: Ball 1-1: Foul Ball, location: 2F 1-2: Ball 2-2: Strikes out looking
|
Pinch Hitting: LHB Bobby Agterberg
|
0-0: Called Strike 0-1: Ball 1-1: Ground out 6-3 (Groundball, 56, EV 104.4 MPH)
|
Top of the 7th over - 0 runs, 0 hits, 0 errors, 0 left on base; University of Minnesota 2 - University of Southern California 1 |
BOTTOM OF THE 7TH |
University of Southern California Trojans batting - Pitching for University of Minnesota Golden Gophers : RHP Eppe de Jong
|
Now in CF: Chris Rodgers
|
|
Pinch Hitting: LHB Roger Kean
|
0-0: Ball 1-0: Ground out 6-3 (Groundball, 56, EV 106.9 MPH)
|
Pinch Hitting: SHB Mhelter Daulong
|
0-0: Ball 1-0: Foul Ball, location: 2F 1-1: Fly out, F8 (Flyball, 8RM, EV 80.6 MPH)
|
Pinch Hitting: RHB Tri Kartini
|
0-0: Ball 1-0: Ball 2-0: Foul Ball, location: 2F 2-1: Foul Ball, location: 2F 2-2: Ball 3-2: Ground out 6-3 (Groundball, 6, EV 107.5 MPH)
|
Bottom of the 7th over - 0 runs, 0 hits, 0 errors, 0 left on base; University of Minnesota 2 - University of Southern California 1 |
TOP OF THE 8TH |
University of Minnesota Golden Gophers batting - Pitching for University of Southern California Trojans : RHP Alex Garza
|
Now at 2B: Kasey Kasarda
|
|
Now in LF: Mhelter Daulong
|
|
Now in RF: Roger Kean
|
|
Batting: LHB Phil Bonner
|
0-0: Ball 1-0: Ball 2-0: Called Strike 2-1: Called Strike 2-2: Ball 3-2: Fly out, F8 (Flyball, 89S, EV 85.0 MPH)
|
Batting: RHB Farakiko Haunani
|
0-0: Ball 1-0: Called Strike 1-1: Ball 2-1: Ball 3-1: Base on Balls
|
Batting: LHB Dick Shafer
|
0-0: Swinging Strike 0-1: Fly out, F9 (Flyball, 9, EV 93.8 MPH)
|
Batting: RHB Kevin Harris
|
0-0: Called Strike 0-1: Foul Ball, location: 2F 0-2: Ball 1-2: Ball 2-2: Ball Wild Pitch! Farakiko Haunani to second 3-2: Base on Balls
|
Pinch Hitting: LHB Jose Moncada
|
0-0: Fly out, F4 (Popup, 34, EV 70.0 MPH)
|
Top of the 8th over - 0 runs, 0 hits, 0 errors, 2 left on base; University of Minnesota 2 - University of Southern California 1 |
BOTTOM OF THE 8TH |
University of Southern California Trojans batting - Pitching for University of Minnesota Golden Gophers : RHP Eppe de Jong
|
Now in RF: Roy Evenden
|
|
Batting: RHB John Sandberg
|
0-0: Called Strike 0-1: Ball 1-1: Foul Ball, location: 2F 1-2: Foul Ball, location: 2F 1-2: Ball 2-2: Ball 3-2: Foul Ball, location: 2F 3-2: Fly out, F8 (Flyball, 8LD, EV 91.2 MPH)
|
Pinch Hitting: LHB Brad Betterton
|
0-0: Called Strike 0-1: Swinging Strike 0-2: Foul Ball, location: 2F 0-2: Ball 1-2: Strikes out swinging
|
Pinch Hitting: SHB George Hillock
|
0-0: Swinging Strike 0-1: Ball 1-1: Ball 2-1: Swinging Strike 2-2: SINGLE (Groundball, 34, EV 110.0 MPH)
|
Pitching: LHP Bill Parker
|
|
Batting: RHB Omar Garce
|
0-0: Foul Ball, location: 2F 0-1: Foul Ball, location: 2F 0-2: Ball 1-2: Ball 2-2: Ground out 1-3 (Groundball, 23, EV 65.6 MPH)
|
Bottom of the 8th over - 0 runs, 1 hit, 0 errors, 1 left on base; University of Minnesota 2 - University of Southern California 1 |
TOP OF THE 9TH |
University of Minnesota Golden Gophers batting - Pitching for University of Southern California Trojans : RHP Alex Garza
|
Pitching: LHP Justin Veirs
|
|
Now at SS: Jochen Schanz
|
|
Now in CF: Brad Betterton
|
|
Batting: RHB Devon Healy
|
0-0: Ball 1-0: Swinging Strike 1-1: Ball 2-1: Reached on error, E1 (Groundball, 15S, EV 75.0 MPH)
|
Batting: RHB Jose Garrido
|
0-0: Bunt missed! 0-1: Sac Bunt to 13S - play at first, batter OUT! 1-4 Devon Healy to third
|
Batting: LHB Alex Villa
|
0-0: Bunted foul Squeeze bunt is on, Devon Healy is out 0-2: Ball 1-2: Strikes out looking
|
Top of the 9th over - 0 runs, 0 hits, 1 error, 0 left on base; University of Minnesota 2 - University of Southern California 1 |
BOTTOM OF THE 9TH |
University of Southern California Trojans batting - Pitching for University of Minnesota Golden Gophers : LHP Bill Parker
|
Pitching: RHP Adam Wickwire
|
|
Pinch Hitting: RHB Eduardo Mejorado
|
0-0: Ball 1-0: Ball 2-0: Foul Ball, location: 2F 2-1: Foul Ball, location: 2F 2-2: Foul Ball, location: 2F 2-2: Strikes out swinging
|
Pinch Hitting: RHB Rick Acevedo
|
0-0: Foul Ball, location: 2F 0-1: Swinging Strike 0-2: Strikes out looking
|
Batting: LHB Roger Kean
|
0-0: Ball 1-0: Ground out 6-3 (Groundball, 4MS, EV 85.6 MPH)
|
Bottom of the 9th over - 0 runs, 0 hits, 0 errors, 0 left on base; University of Minnesota 2 - University of Southern California 1 |
|